 Dungeon Crawl Stone Soup version 0.29.1-2-gbd0b4ee654 (webtiles) character file.

Game seed: 1910929240646554880

71217 LustLizard the Thaumaturge (level 15, 0/121 HPs)
             Began as a Djinni Air Elementalist on Nov 21, 2022.
             Was the Champion of Ashenzari.
             Slain by an orc knight
             ... wielding a +0 great sword
              (41 damage)
             ... on level 1 of the Orcish Mines.
             The game lasted 01:01:21 (19128 turns).

LustLizard the Thaumaturge (DjAE)                  Turns: 19128, Time: 01:01:22

Health: 0/121      AC: 20    Str: 20    XL:     15   Next: 81%
Gold:   1562       EV: 12    Int: 25    God:    Ashenzari [******] SH:  0 Dex:  9

rFire   + + .      SeeInvis +   h - +6 quarterstaff "Manifest Boredom" {speed, rElec rCorr Str+9, Melee, Self} (curse)
rCold   . . .      Faith    .   (shield currently unavailable)
rNeg    . . .      Spirit   .   L - +4 ring mail "Gaze Upon Infinity" {rC+, Cun, Self} (curse)
rPois   ∞          Reflect  .   x - +3 hat of Pondering {ponderous, Will+ MP+10 Int+5, Cun, Evo} (curse)
rElec   +          Harm     .   R - +2 cloak "Tethered Secrets" {Will+, Self, Fort} (curse)
rCorr   +          Rampage  .   p - +2 pair of gloves of the Wild Blue Yonder {Evo, Melee} (curse)
Will    +++..      Clarity  +   (boots unavailable)
Stlth   +++.......              K - amulet "Share My Unpleasantness" {+Blink rElec Regen+ Dex-5, Self, Fort} (curse)
HPRegen 1.10/turn               w - ring "Jealousy of Ashenzari" {Slay+4, Self, Melee} (curse)
MPRegen 0.00/turn               f - ring of Ashenzari's Adversity {Slay+4, Evo, Cun} (curse)

@: wereblooded, flying, slow
A: sickness immunity, fire resistance 2, cold vulnerability 1, float, innate
caster, HP casting, extra vitality 1
a: Renounce Religion, Evoke Blink, Shatter the Chains


You were on level 1 of the Orcish Mines.
You worshipped Ashenzari.
Ashenzari was exalted by your worship.
You visited 4 branches of the dungeon, and saw 19 of its levels.
You also visited: Sewer and Ice Cave.

You collected 1820 gold pieces.
You spent 258 gold pieces at shops.

Inventory:

Hand Weapons
 h - the cursed +6 quarterstaff "Manifest Boredom" (weapon) {speed, rElec rCorr Str+9, Melee, Self}
   (You found it on level 6 of the Dungeon)

   Attacks with this weapon are significantly faster.
   Str:       It affects your strength (+9).
   rElec:     It insulates you from electricity.
   rCorr:     It protects you from acid and corrosion.
   It has a curse which improves the following skills: Melee Combat: Short
   Blades, Long Blades, Axes, Maces & Flails, Polearms, Staves and Unarmed
   Combat.
   Introspection: Fighting and Spellcasting.
Armour
 p - the cursed +2 pair of gloves of the Wild Blue Yonder (worn) {Evo, Melee}
   (You found it on level 3 of the Dungeon)

   It has a curse which improves the following skills: Evocations: Evocations.
   Melee Combat: Short Blades, Long Blades, Axes, Maces & Flails, Polearms,
   Staves and Unarmed Combat.
 x - the cursed +3 hat of Pondering (worn) {ponderous, Will+ MP+10 Int+5, Cun, Evo}
   (You took it off Gastronok on level 2 of the Lair of Beasts)

   Int:       It affects your intelligence (+5).
   MP:        It affects your magic capacity (+10).
   Will:      It increases your willpower.
   It has a curse which improves the following skills: Cunning: Dodging and
   Stealth.
   Evocations: Evocations.
 L - the cursed +4 ring mail "Gaze Upon Infinity" (worn) {rC+, Cun, Self}
   (You took it off an orc on level 7 of the Dungeon)

   It has a curse which improves the following skills: Cunning: Dodging and
   Stealth.
   Introspection: Fighting and Spellcasting.
 O - the +0 buckler of the Endless Villages {rPois Regen+}
   (You found it on level 9 of the Dungeon)

   rPois:     It protects you from poison.
   Regen:     It increases your rate of health regeneration.
 R - the cursed +2 cloak "Tethered Secrets" (worn) {Will+, Self, Fort}
   (You bought it in a shop on level 10 of the Dungeon)

   It has a curse which improves the following skills: Introspection: Fighting
   and Spellcasting.
   Fortitude: Armour and Shields.
Jewellery
 f - the cursed ring of Ashenzari's Adversity (right hand) {Slay+4, Evo, Cun}
   (You found it on level 10 of the Dungeon)

   [ring of slaying]

   Slay:      It affects your accuracy & damage with ranged weapons and melee
   (+4).
   It has a curse which improves the following skills: Evocations: Evocations.
   Cunning:   Dodging and Stealth.
 w - the cursed ring "Jealousy of Ashenzari" (left hand) {Slay+4, Self, Melee}
   (You found it on level 4 of the Dungeon)

   [ring of slaying]

   Slay:      It affects your accuracy & damage with ranged weapons and melee
   (+4).
   It has a curse which improves the following skills: Introspection: Fighting
   and Spellcasting.
   Melee Combat: Short Blades, Long Blades, Axes, Maces & Flails, Polearms,
   Staves and Unarmed Combat.
 K - the cursed amulet "Share My Unpleasantness" (around neck) {+Blink rElec Regen+ Dex-5, Self, Fort}
   (You found it on level 5 of the Dungeon)

   [amulet of regeneration]

   Dex:       It affects your dexterity (-5).
   rElec:     It insulates you from electricity.
   +Blink:    It lets you blink.
   Regen:     It increases your rate of health regeneration.
   It has a curse which improves the following skills: Introspection: Fighting
   and Spellcasting.
   Fortitude: Armour and Shields.
 Q - a ring of fire
 T - a ring of willpower
 U - a ring of protection from cold
Wands
 i - a wand of mindburst (17)
 k - a wand of roots (11)
 q - a wand of paralysis (14)
 s - a wand of polymorph (15)
 v - a wand of light (8)
 W - a wand of digging (5)
Scrolls
 a - a scroll of fear
 b - 6 scrolls of enchant armour
 c - 2 scrolls of fog
 e - 3 scrolls of magic mapping
 j - 4 scrolls of teleportation
 l - 2 scrolls of poison
 o - 4 scrolls of enchant weapon
 u - 4 scrolls of blinking
 F - a scroll of brand weapon
 M - a scroll of summoning
 X - a scroll of acquirement
Potions
 d - 6 potions of mutation
 g - a potion of resistance
 t - 8 potions of curing
 z - 5 potions of invisibility
 A - 2 potions of might
 B - 4 potions of berserk rage
 E - a potion of ambrosia
 G - 3 potions of haste
 P - 2 potions of brilliance
 S - a potion of cancellation
 Z - a potion of heal wounds
Miscellaneous
 I - a phial of floods


   Skills:
 + Level 8.7(15.8) Fighting
 * Level 13.3(18.4) Polearms
 - Level 5.0(8.8) Armour
 - Level 2.1(5.7) Dodging
 - Level 4.0(8.5) Stealth
 * Level 13.6(20.8) Spellcasting
 - Level 8.3(13.4) Evocations


You had 22 spell levels left.
You knew the following spells:

 Your Spells              Type           Power      Damage    Failure   Level
a - Shock                 Conj/Air       100%       1d9       0%          1
b - Static Discharge      Conj/Air       92%        3-15/arc  0%          2
c - Swiftness             Air            92%        N/A       0%          3
d - Airstrike             Air            46%        2d(7-23)  0%          4
e - Magic Dart            Conj           100%       1d8       0%          1
f - Wereblood             Tmut           92%        N/A       0%          2
g - Blink                 Tloc           100%       N/A       0%          2
h - Dazzling Flash        Conj/Hex       100%       N/A       0%          3
i - Fulminant Prism       Conj/Hex       46%        3d21      0%          4
j - Manifold Assault      Tloc           92%        N/A       0%          5
k - Eringya's Noxious Bo  Tmut/Pois      46%        N/A       1%          6
Your spell library was empty.

Dungeon Overview and Level Annotations

Branches:
Dungeon (12/15)            Temple (1/1) D:5            Lair (5/5) D:9
 Shoals (0/4) Lair:3        Snake (0/4) Lair:2        Slime (0/5) Lair:5
    Orc (1/2) D:10          Sewer (visited)           IceCv (visited)

Altars:
Ashenzari
Dithmenos
Fedhas
Gozag
Makhleb
Okawaru
Qazlal
Ru
Trog
Uskayaw
Wu Jian
Xom
Yredelemnul
Zin
Lugonu

Shops:
D:10 *

Portals:
Hell: Lair:5
Abyss: Lair:2
Trove: D:12 (give +3 storm dragon scales)

Annotations:
D:5 2 runed translucent doors
D:12 4 transporters
Lair:1 2 transporters, Joey1's ghost, journeyman MiFi


Innate Abilities, Weirdness & Mutations

You are immune to sickness and miasma.
You are immune to poison.
Your flesh is very heat resistant. (rF++)
You are vulnerable to cold. (rC-)
You float through the air rather than walking.
You learn spells naturally, not from books.
Your magical power is your life essence.
You have superior vitality. (+4 MHP)


Message History

Casting: Manifold Assault (safe; 0% risk of failure)
Confirm with . or Enter, or press ? or * to list all spells.
Space momentarily warps into an impossible shape!
You sock the orc knight! You sock the orc warrior! You barely miss the troll.
You bludgeon the orc warrior!!
You kill the orc warrior!
You howl as the wereblood boils in your veins!
You hit the orc knight but do no damage.
The orc knight is severely wounded.
You sock the orc knight!
The orc knight is almost dead.
You howl as the wereblood boils in your veins!
The orc knight closely misses you.
You closely miss the orc knight.
The orc knight is almost dead.
You bludgeon the orc knight!!
You feel a bit better.
You kill the orc knight!
You hear a shout!
You sock the troll!
The troll is moderately wounded.
The orc knight roars a battlecry!
The orc warrior goes into a battle-frenzy!
The troll bites you but does no damage. The troll claws you but does no damage.
The troll claws you.
You barely miss the troll.
The troll is moderately wounded.
You closely miss the troll.
The troll is moderately wounded.
The troll misses you. The troll closely misses you.
The troll barely misses you.
You bludgeon the troll!!
The troll is almost dead.
You hear a shout!
You sock the troll!
You feel a bit better.
You kill the troll!
The orc knight no longer looks unusually strong.
The orc knight roars a battlecry!
The orc knight goes into a battle-frenzy!
The orc knight hits you with a +0 great sword!!!
You die...

##* ## ##.##*
##.##**
#....####...## *
#....###..##.,.
##$...#....##.##
##...$........... *
##........@.....#*,*
* #.........)o.....#
* **
.#....#...)...##...
* *
,.......#...o..##
,#* ,
......o.......#*
,,,, ...........#.##
,, , * ####>...o.###
, , , {..#.....###
,,,*, _{#...{...###


You could see 3 orc knights and an orc warrior (strong).

Vanquished Creatures
  Rupert (Lair:4)
  Gastronok (Lair:2)
  Kirke (Lair:4)
  A white draconian (IceCv)
  2 boulder beetles
  6 hydras
  6 two-headed ogres
  3 centaur warriors
  A catoblepas (Lair:3)
  6 death yaks
  2 skeletal warriors (D:9)
  Amaemon (Lair:3)
  A sixfirhy (Lair:5)
  A glowing orange brain (shapeshifter) (D:9)
  2 orc knights (Orc:1)
  A wizard (Lair:5)
  The ghost of Icepheonix32 the Transmogrifier, a novice DgTm (D:7)
  2 ugly things
  2 cyclopes
  10 elephants (Lair:4)
  2 black mambas
  2 ice statues (IceCv)
  13 cane toads
  2 torpor snails
  3 orange demons
  8 rime drakes
  An unseen horror (D:12)
  2 ice devils (Lair:5)
  16 komodo dragons
  A hellwing (Lair:5)
  A kobold demonologist (D:10)
  4 polar bears
  A red devil (Lair:5)
  Prince Ribbit (D:9)
  5 trolls
  A hornet (D:9)
  18 dream sheep
  25 blink frogs
  A shadow (D:11)
  Sigmund (D:2)
  3 wyverns
  5 wraiths
  3 hogs (Lair:4)
  25 yaks
  Grum (D:11)
  14 basilisks
  3 steam dragons (D:9)
  5 vampire mosquitoes
  4 acid dragons
  8 nagas (Lair:2)
  13 water moccasins
  10 orc warriors
  4 hell hounds (Lair:5)
  2 ice beasts
  3 sky beasts
  A black bear (D:6)
  7 centaurs
  26 wolves
  A phantom (D:4)
  13 bullfrogs
  3 kobold brigands
  4 necrophages
  4 gnoll sergeants
  3 scorpions
  8 wights
  5 killer bees
  3 lindwurm simulacra (IceCv)
  8 electric eels
  5 howler monkeys
  2 jellies (D:6)
  5 komodo dragon simulacra (IceCv)
  A gnoll bouda (D:8)
  7 orc priests
  6 hounds
  4 iguanas
  Natasha (thrice) (D:3)
  12 orc wizards
  17 adders
  20 gnolls
  7 acid dragon simulacra (IceCv)
  4 river rats (Sewer)
  13 white imps
  3 ufetubi
  6 steam dragon simulacra (IceCv)
  2 worms (D:4)
  A dart slug (D:1)
  37 orcs
  11 endoplasms
  10 giant cockroaches
  8 goblins
  12 hobgoblins
  9 jackals
  4 quokkas
  17 ball pythons
  A bat (D:3)
  4 frilled lizards
  16 kobolds
  7 rats
  2 lurking horrors (Lair:2)
604 creatures vanquished.

Vanquished Creatures (others)
  A fulminant prism (D:9)
  14 fungi
  44 plants
59 creatures vanquished.

Grand Total: 663 creatures vanquished

Notes
Turn   | Place    | Note
-------+----------+-------------------------------------------
     0 | D:1      | LustLizard the Djinni Air Elementalist began the quest for
                  | the Orb.
     0 | D:1      | LustLizard set off with the following spells memorised:
                  | Shock, Static Discharge, Swiftness, Airstrike.
     0 | D:1      | Reached XP level 1. HP: 15/15 MP: 0/0
   227 | D:1      | Reached XP level 2. HP: 17/21 MP: 0/0
   408 | D:1      | You are sucked into a shaft and drop 1 floor!
   796 | D:1      | Reached XP level 3. HP: 25/25 MP: 0/0
   796 | D:1      | Learned a level 1 spell: Magic Dart
  1522 | D:1      | Reached XP level 4. HP: 16/31 MP: 0/0
  1701 | D:2      | Noticed Sigmund
  2004 | D:2      | Killed Sigmund
  2005 | D:2      | Reached XP level 5. HP: 9/35 MP: 0/0
  2005 | D:2      | Learned a level 2 spell: Wereblood
  2005 | D:2      | Reached XP level 6. HP: 10/40 MP: 0/0
  2246 | D:2      | Identified the +7 trident of Gozag's Condemnation {spect,
                  | Int+2}
  2667 | D:3      | Noticed Natasha
  2668 | D:3      | Killed Natasha
  2989 | D:3      | Noticed a sky beast
  3050 | D:3      | Found an iron altar of Okawaru.
  3069 | D:3      | Found a stormy altar of Qazlal.
  3069 | D:3      | Found a blossoming altar of Fedhas.
  3089 | D:3      | Found a basalt altar of Yredelemnul.
  3164 | D:3      | Noticed Natasha
  3172 | D:3      | Killed Natasha
  3191 | D:3      | Noticed Natasha
  3195 | D:3      | Killed Natasha
  3196 | D:3      | Reached XP level 7. HP: 45/45 MP: 0/0
  3196 | D:3      | Learned a level 2 spell: Blink
  3564 | D:3      | Found a shadowy altar of Dithmenos.
  3567 | D:3      | Found an opulent altar of Gozag.
  3693 | D:3      | Reached skill level 5 in Spellcasting
  3874 | D:4      | Noticed a water moccasin
  3876 | D:4      | Killed a water moccasin
  3877 | D:4      | Identified the +1 robe "Joziw" {rN+ rCorr Str+3 Stlth-}
  3900 | D:4      | Reached XP level 8. HP: 49/50 MP: 0/0
  4254 | D:4      | Reached skill level 1 in Polearms
  4295 | D:4      | Found a glowing drain.
  4306 | Sewer    | Entered a sewer
  5226 | D:5      | Entered Level 5 of the Dungeon
  5235 | D:5      | Found a large runed translucent door.
  5235 | D:5      | Found a large runed translucent door.
  5245 | D:5      | Found a large runed translucent door.
  5245 | D:5      | Found a large runed translucent door.
  5445 | D:5      | Found a staircase to the Ecumenical Temple.
  5470 | Temple   | Entered the Ecumenical Temple
  5587 | Temple   | Became a worshipper of Ashenzari the Shackled
  5981 | D:5      | Reached XP level 9. HP: 55/55 MP: 0/0
  5981 | D:5      | Learned a level 3 spell: Dazzling Flash
  6054 | D:5      | Identified the amulet "Gyzos" {+Blink rElec Regen+ Dex-5}
  6282 | D:6      | Reached skill level 5 in Polearms
  6390 | D:6      | Identified the +6 quarterstaff of the Sharp God {speed,
                  | rElec rCorr Str+9}
  6619 | D:6      | Reached XP level 10. HP: 53/60 MP: 0/0
  6960 | D:6      | Found a hide-covered altar of Uskayaw.
  7178 | D:7      | Reached skill level 1 in Evocations
  7218 | D:7      | Found a transporter.
  7231 | D:7      | Found a transporter.
  7255 | D:7      | Reached * piety under Ashenzari
  7265 | D:7      | Found a sacrificial altar of Ru.
  7422 | D:7      | Identified the +1 robe "Vior" {Harm rPois Str+2}
  7636 | D:7      | Noticed Icepheonix32's ghost (novice DgTm)
  8222 | D:8      | Reached ** piety under Ashenzari
  8222 | D:8      | Reached *** piety under Ashenzari
  8425 | D:8      | Found a bloodstained altar of Trog.
  8627 | D:8      | Noticed a two-headed ogre
  8630 | D:8      | Killed a two-headed ogre
  8632 | D:8      | Noticed a boulder beetle
  8642 | D:8      | Killed a boulder beetle
  8643 | D:8      | Reached XP level 11. HP: 42/65 MP: 0/0
  8643 | D:8      | Learned a level 4 spell: Fulminant Prism
  9005 | D:9      | Identified the +0 buckler of the Endless Villages {rPois
                  | Regen+}
  9006 | D:9      | Found a staircase to the Lair.
  9020 | D:9      | Noticed a centaur warrior
  9030 | D:9      | Killed a centaur warrior
  9049 | D:9      | Noticed Prince Ribbit
  9057 | D:9      | Killed Prince Ribbit
  9316 | D:9      | Noticed a centaur warrior
  9321 | D:9      | Noticed a skeletal warrior
  9323 | D:9      | Noticed a two-headed ogre
  9326 | D:9      | Noticed a two-headed ogre
  9326 | D:9      | Noticed a red ugly thing
  9513 | D:9      | Noticed a skeletal warrior
  9527 | D:9      | Killed a skeletal warrior
  9563 | D:9      | Noticed a cyclops
  9567 | D:9      | Killed a cyclops
  9568 | D:9      | Reached skill level 10 in Spellcasting
  9633 | D:9      | Killed a red ugly thing
  9752 | D:9      | Noticed a two-headed ogre
  9752 | D:9      | Noticed a two-headed ogre
  9780 | D:9      | Killed a two-headed ogre
  9781 | D:9      | Reached skill level 5 in Evocations
  9823 | D:9      | Killed a two-headed ogre
  9824 | D:9      | Reached skill level 1 in Fighting
  9824 | D:9      | Reached skill level 1 in Armour
  9899 | D:9      | Killed a skeletal warrior
  9907 | D:9      | Reached XP level 12. HP: 33/78 MP: 0/0
 10043 | D:9      | Killed a two-headed ogre
 10157 | D:9      | Killed a two-headed ogre
 10216 | D:9      | Killed a centaur warrior
 10249 | D:9      | Noticed a glowing orange brain
 10254 | D:9      | Killed a glowing orange brain
 10300 | D:10     | Entered Level 10 of the Dungeon
 10395 | D:10     | Found Byqycka's Neck Hole.
 10403 | D:10     | Bought a +2 cloak of willpower for 258 gold pieces
 10909 | D:10     | Found a staircase to the Orcish Mines.
 11403 | D:11     | Noticed a seven-headed hydra
 11659 | D:11     | Noticed Grum
 11666 | D:11     | Killed Grum
 11952 | D:11     | Noticed an eight-headed hydra
 11956 | D:11     | Killed an eight-headed hydra
 11965 | D:11     | Reached **** piety under Ashenzari
 12145 | D:11     | Killed a seven-headed hydra
 12146 | D:11     | Reached skill level 10 in Polearms
 12146 | D:11     | Reached XP level 13. HP: 76/92 MP: 0/0
 12146 | D:11     | Learned a level 5 spell: Manifold Assault
 12169 | D:12     | Identified the +0 helmet "Extes" {Fly rN+ Int-4 Stlth+}
 12204 | D:12     | Noticed a centaur warrior
 12220 | D:12     | Killed a centaur warrior
 12288 | D:12     | Found a portal to a secret trove of treasure.
 12336 | D:12     | Found a transporter.
 12466 | D:12     | Found a transporter.
 12523 | D:12     | Found a transporter.
 12528 | D:12     | Found a transporter.
 13088 | D:7      | Killed Icepheonix32's ghost
 13225 | Lair:1   | Entered Level 1 of the Lair of Beasts
 13406 | Lair:1   | Reached skill level 5 in Fighting
 13406 | Lair:1   | Reached skill level 5 in Armour
 13510 | Lair:1   | Reached ***** piety under Ashenzari
 13523 | Lair:1   | Noticed a six-headed hydra
 13529 | Lair:1   | Killed a six-headed hydra
 13668 | Lair:1   | Noticed a five-headed hydra
 13673 | Lair:1   | Killed a five-headed hydra
 13858 | Lair:1   | Noticed Joey1's ghost (journeyman MiFi)
 13865 | Lair:1   | Found a transporter.
 13868 | Lair:1   | Found a transporter.
 13869 | Lair:1   | Found a bloodstained altar of Trog.
 14163 | Lair:2   | Found a staircase to the Snake Pit.
 14320 | Lair:2   | Reached ****** piety under Ashenzari
 14494 | Lair:2   | Found a corrupted altar of Lugonu.
 14495 | Lair:2   | Found a one-way gate to the infinite horrors of the Abyss.
 14613 | Lair:2   | Noticed a boulder beetle
 14614 | Lair:2   | Reached XP level 14. HP: 93/110 MP: 0/0
 14633 | Lair:2   | Noticed Gastronok
 14638 | Lair:2   | Killed Gastronok
 15024 | Lair:3   | Found a frozen archway.
 15061 | IceCv    | Entered an ice cave
 15542 | IceCv    | Noticed a white draconian
 15555 | IceCv    | Killed a white draconian
 15620 | IceCv    | Identified the Guidebook on the Snowflakes
 15828 | Lair:3   | Found a staircase to the Shoals.
 15896 | Lair:3   | Noticed Amaemon
 15900 | Lair:3   | Killed Amaemon
 16097 | Lair:3   | Identified a scroll of acquirement
 16706 | Lair:4   | Noticed Kirke
 16759 | Lair:4   | Killed Kirke
 17018 | Lair:4   | Reached XP level 15. HP: 109/118 MP: 0/0
 17018 | Lair:4   | Learned a level 6 spell: Eringya's Noxious Bog
 17380 | Lair:5   | Entered Level 5 of the Lair of Beasts
 17598 | Lair:5   | Noticed Rupert
 18127 | Lair:4   | Killed Rupert
 18164 | Lair:5   | Found a staircase to the Slime Pits.
 18639 | Lair:5   | Found a burning altar of Makhleb.
 18720 | Lair:5   | Found a gateway to Hell.
 18720 | Lair:5   | Identified the +2 great sword of Hepliaklqana {vamp, rPois
                  | rC+ MP-9 Str+6}
 18866 | Lair:5   | Identified the +3 quarterstaff "Mup High" {flame, *Corrode
                  | rN+ MP+9 Dex+4}
 19092 | Orc:1    | Entered Level 1 of the Orcish Mines
 19128 | Orc:1    | Slain by an orc knight

Illustrated notes

Levels and vault maps discovered:
D:1:      ncdulo_smallfort, layout_basic, chequers_big_river,
          minmay_worlds_worst_comb
D:2:      layout_rooms, uniq_sigmund
D:3:      minmay_general_purpose_star, layout_basic,
          nicolae_overflow_hidden_temple,
          grunt_temple_overflow_forces_of_nature, amcnicky_altar_gilded,
          uniq_natasha
D:4:      layout_loops_ring, cheibrodos_sewer_entry_drain, minmay_joined_circles
D:5:      layout_cave_pools, minmay_temple_entry_tees,
          minmay_hollow_rounded_squares
D:6:      layout_loops_ring, mainiacjoe_overflow_surrounded_room,
          minmay_quadrilaterals
D:7:      layout_basic, mainiacjoe_overflow_small_starburst, nzn_ghost_randoct,
          serial_bayou_pond_b
D:8:      layout_loops_corners, nicolae_overflow_crystal_walls
D:9:      nzn_winding_woodlands_large [nzn_winding_woodlands_5x5_cross,
          nzn_winding_woodlands_5x15_pockets,
          nzn_winding_woodlands_5x5_perimeter,
          nzn_winding_woodlands_center_diamonds,
          nzn_winding_woodlands_15x15_eel_pit,
          nzn_winding_woodlands_center_triple_pond,
          nzn_winding_woodlands_5x5_three,
          nzn_winding_woodlands_5x15_lazy_stream,
          nzn_winding_woodlands_5x5_closed_star], layout_loops_ring,
          hangedman_abyss_or_decor_slice, uniq_prince_ribbit1
D:10:     layout_irregular_city, erik_orc_2, minivault_24,
          nicolae_shop_sticking_my_neck_out
D:11:     layout_stronghold, uniq_grum
D:12:     layout_basic, nicolae_trove_entry_free_sample,
          nicolae_transporter_intersection
Temple:   minmay_temple_forest_path
Lair:1:   layout_misc_corridors, gammafunk_ghost_wrathful_warriors,
          serial_bayou_pond_e, lemuel_fruit_fields
Lair:2:   layout_long_grid, minmay_snake_entry_guardpost_large,
          amcnicky_altar_lugonu_corruption, uniq_gastronok
Lair:3:   layout_misc_corridors, minmay_shoals_entry_hut,
          portal_ice_cave_entry_imps, chequers_serial_rivers_small_3,
          st_stairs_6, uniq_amaemon
Lair:4:   layout_gridlike, nicolae_lair_grove_arrangements,
          eino_small_chamber_without_monster, uniq_kirke
Lair:5:   evil_forest, layout_big_grid, slime_entry_1,
          kennysheep_basilisk_garden, uniq_rupert
Orc:1:    nicolae_orc_accident_3, layout_caves, basic_altar,
          gammafunk_ghost_split, special_room [special_room_orc]

Skill      XL: |  1  2  3  4  5  6  7  8  9 10 11 12 13 14 15 |
---------------+----------------------------------------------+-----
Stealth        | 2 3 4 |  4.0
Spellcasting   | 3 4 6 8 9 10 11 12 13 | 13.6
Polearms       | 3 5 7 8 10 11 12 13 | 13.3
Evocations     | 3 5 6 7 8 |  8.3
Fighting       | 1 4 5 7 8 |  8.7
Armour         | 1 4 5 |  5.0
Dodging        | |  2.1

Action                   |  1- 3 |  4- 6 |  7- 9 | 10-12 | 13-15 || total
-------------------------+-------+-------+-------+-------+-------++-------
Melee: Trident           |       |    17 |   143 |       |       ||   160
       Quarterstaff      |       |       |     3 |   203 |   602 ||   808
 Fire: Sling             |       |    29 |       |       |       ||    29
 Cast: Shock             |    54 |    35 |    41 |    52 |       ||   182
       Static Discharge  |     2 |     3 |     2 |       |       ||     7
       Wereblood         |       |     2 |     1 |     5 |     5 ||    13
       Airstrike         |       |       |       |   196 |   445 ||   641
       Swiftness         |       |       |       |     1 |     1 ||     2
       Fulminant Prism   |       |       |       |     1 |       ||     1
       Manifold Assault  |       |       |       |       |   133 ||   133
       Eringya's Noxious |       |       |       |       |     4 ||     4
Invok: Curse Item        |       |       |       |     5 |     4 ||     9
       Shatter the Chain |       |       |       |       |     1 ||     1
 Abil: Evoke Blink       |       |       |       |       |     2 ||     2
  Use: Scroll            |       |       |     9 |     4 |     5 ||    18
       Potion            |       |       |       |     2 |     6 ||     8
 Stab: Sleeping          |       |     3 |     9 |     1 |       ||    13
       Distracted        |       |       |     1 |       |       ||     1
Armor: Robe              |     1 |       |    28 |    15 |       ||    44
       Leather armour    |     2 |     3 |     1 |       |       ||     6
       Ring mail         |       |       |       |    51 |   118 ||   169
Dodge: Dodged            |     1 |     8 |    45 |   110 |   115 ||   279
Block: Other             |       |       |     3 |       |       ||     3
